 Dungeon Crawl Stone Soup version 0.31-b1-12-gca42e3d1b8 (webtiles) character file.

Game seed: 3817904245599244771

14 hawla the Changeling (level 2, 0/14 HPs)
             Began as a Felid Shapeshifter on Jan 15, 2024.
             Slain by a gnoll
             ... wielding a +0 club
              (6 damage)
             ... on level 1 of the Dungeon.
             The game lasted 00:00:58 (233 turns).

hawla the Changeling (Felid Shapeshifter)            Turns: 233, Time: 00:00:58

Health: 0/14       AC:  1    Str: 10    XL:     2   Next: 31%
Magic:  3/3        EV: 17    Int: 13    God:
Gold:   85         SH:  0    Dex: 15    Spells: 1/1 levels left
                                        Lives:  0   Deaths: 1

rFire   . .          .
                       - Unarmed
rCold   . . .        (shield unavailable)
rNeg    . . .        (body armour unavailable)
rPois   .            (helmet unavailable)
rElec   .            (cloak unavailable)
rCorr   .            (gloves unavailable)
SInv    +            (boots unavailable)
Will    .....        (no amulet)
Stlth   +            (no ring)
HPRegen 0.22/turn    (no ring)
MPRegen 0.08/turn

%: no passive effects
@: beast-form
A: beast (slay +1), very small, claws 1, fangs 3, see invisible, shaggy fur 1,
stealthy paws, no weapons or thrown items, no armour, multi-lived
a: Begin Untransformation


You were on level 1 of the Dungeon.
You were a hulking beast.
You visited 1 branch of the dungeon, and saw 1 of its levels.

You collected 85 gold pieces.

Inventory:

Talismans
 b - a beast talisman
 c - a flux talisman
Scrolls
 d - a scroll of identify {unknown}
 e - a scroll of teleportation {unknown}
Potions
 a - a potion of lignification


   Skills:
 - Level 1.0 Fighting
 - Level 2.6 Dodging
 - Level 3.0 Unarmed Combat
 + Level 3.3 Shapeshifting


You had one spell level left.
You didn't know any spells.
Your spell library was empty.

Dungeon Overview and Level Annotations

Branches:
Dungeon (1/15)

Altars:


Innate Abilities, Weirdness & Mutations

You are a hulking beast.
Your limbs bulge with bestial killing power. (Slay +1)
You have sharp claws.
You have razor-sharp teeth.
You have supernaturally acute eyesight. (SInv)
You are covered in fur. (AC +1)
Your paws help you pounce on unaware monsters.
You are incapable of wielding weapons or throwing items.
You cannot wear armour.
You gain extra lives every three experience levels.


Message History

The endoplasm freezes you.
You are frozen.
You scratch the endoplasm. You bite the endoplasm.
You kill the endoplasm!
No target in view!
Found 7 stones.
e - a scroll labelled ERIKEACRUR You now have 41 gold pieces (gained 12).
A hobgoblin is nearby!
You scratch the hobgoblin.
The hobgoblin is heavily wounded.
The hobgoblin barely misses you.
You scratch the hobgoblin but do no damage.
The hobgoblin is heavily wounded.
The hobgoblin barely misses you.
You scratch the hobgoblin.
The hobgoblin is almost dead.
The hobgoblin barely misses you.
You claw the hobgoblin!
You kill the hobgoblin!
You now have 66 gold pieces (gained 25).
You now have 80 gold pieces (gained 14).
You now have 85 gold pieces (gained 5).
A gnoll comes into view. It is wielding a +0 club.
The gnoll shouts!
A gnoll is nearby!
A gnoll is nearby!
You claw the gnoll! Your bite misses the gnoll.
The gnoll is severely wounded.
The gnoll hits you with a +0 club.
You closely miss the gnoll.
The gnoll is severely wounded.
The gnoll hits you with a +0 club!
Ouch! That really hurt!
You are too injured to fight recklessly!
You are too injured to fight recklessly!
You completely miss the gnoll. You bite the gnoll.
The gnoll is almost dead.
The gnoll hits you with a +0 club.
You die...

#......#..#....#..#.#######
#......##.##..##....#
#.......#..####..###
######+.........#.
#....#####.# #..### #.#####
#.....# #####h# #g# #.# ...
###


You could see a gnoll.

Vanquished Creatures
  2 endoplasms (D:1)
  A giant cockroach (D:1)
  2 goblins (D:1)
  3 hobgoblins (D:1)
  A ball python (D:1)
  A frilled lizard (D:1)
  3 rats (D:1)
13 creatures vanquished.

Notes
Turn   | Place    | Note
-------+----------+-------------------------------------------
     0 | D:1      | hawla the Felid Shapeshifter began the quest for the Orb.
     0 | D:1      | Reached XP level 1. HP: 10/10 MP: 2/2
   118 | D:1      | Slain by a hobgoblin
   118 | D:1      | Lost a life (0 lives remaining)
   128 | D:1      | Reached XP level 2. HP: 12/14 MP: 3/3
   233 | D:1      | Slain by a gnoll

Illustrated notes

Levels and vault maps discovered:
D:1:      shiori_arrival_oz, layout_basic, minmay_close_crescents

Skill      XL: |  1 |
---------------+----+-----
Shapeshifting  | 3 |  3.3
Fighting       | |  1.0
Dodging        | |  2.6
Unarmed Combat | |  3.0

Action                     || total
---------------------------++-------
  Melee: Unarmed           ||    31
         Punch             ||     2
         Bite              ||     2
 Armour: Skin              ||     8
  Dodge: Dodged            ||    12
